 Dungeon Crawl Stone Soup version 0.31-a0-844-gdc52ec4e09 (webtiles) character file.

Game seed: 8960618711588328000

2578 ipx the Cleaver (level 9, 0/44 HPs)
             Began as a Vine Stalker Fighter on Sept 30, 2023.
             Was a Follower of Uskayaw.
             Slain by a sky beast (5 damage)
             ... on level 8 of the Dungeon.
             The game lasted 00:27:25 (2317 turns).

ipx the Cleaver (Vine Stalker Fighter)              Turns: 2317, Time: 00:27:26

Health: 0/44       AC:  6    Str: 24    XL:     9   Next: 57%
Magic:  0/13       EV:  9    Int: 14    God:    Uskayaw [*.....]
Gold:   509        SH:  5    Dex: 13    Spells: 8/8 levels left

rFire   . . .        a - +0 war axe
rCold   . . .        c - +1 buckler
rNeg    . . .        y - +0 scale mail
rPois   .            (no helmet)
rElec   .            (no cloak)
rCorr   .            (no gloves)
SInv    .            (no boots)
Will    +....        (no amulet) Stlth
                     i - +6 ring of intelligence
HPRegen 1.07/turn    l - ring of flight
MPRegen 0.13/turn

%: guardian spirit
@: flying
A: fangs 3, regeneration 1, magic shield, antimagic bite, no potion heal 2
a: Renounce Religion, Stomp


You were on level 8 of the Dungeon.
You worshipped Uskayaw.
Uskayaw was noncommittal.
You visited 2 branches of the dungeon, and saw 10 of its levels.
You also visited: Ossuary.

You collected 509 gold pieces.

Inventory:

Hand Weapons
 a - a +0 war axe (weapon)
 b - a +1 short sword of electrocution
 G - a +2 short sword of venom
Missiles
 p - 5 poisoned darts (quivered)
 E - a curare-tipped dart
Armour
 c - a +1 buckler (worn)
 y - a +0 scale mail (worn)
 D - an orb of energy
Magical Staves
 n - a staff of death
Jewellery
 i - a +6 ring of intelligence (left hand)
 l - a ring of flight (right hand)
Wands
 f - a wand of polymorph (6)
 C - a wand of acid (4)
Scrolls
 e - 3 scrolls of enchant armour
 g - a scroll of fear
 k - 3 scrolls of vulnerability
 m - a scroll of silence
 r - 3 scrolls of immolation
 s - 2 scrolls of fog {unknown}
 v - a scroll of brand weapon {unknown}
 x - 2 scrolls of noise {unknown}
 B - 2 scrolls of teleportation {unknown}
Potions
 d - 3 potions of might
 h - a potion of resistance {unknown}
 j - 2 potions of heal wounds {unknown}
 o - 3 potions of brilliance {unknown}
 q - a potion of attraction {unknown}
 t - 2 potions of cancellation {unknown}
 u - a potion of invisibility {unknown}
 w - 2 potions of curing {unknown}
 z - a potion of berserk rage {unknown}
 A - 3 potions of enlightenment {unknown}
 F - 2 potions of lignification {unknown}


   Skills:
 + Level 3.3 Fighting
 * Level 10.1 Axes
 - Level 2.4 Armour
 - Level 2.6 Shields
 + Level 4.9 Invocations
 - Level 3.0 Evocations


You had 8 spell levels left.
You didn't know any spells.
Your spell library contained the following spells:

 Spells                   Type           Power      Damage    Failure   Level
 Wereblood                Tmut           0%         N/A       78%         2
 Stone Arrow              Conj/Erth      0%         3d7       95%         3
 Animate Armour           Summ/Erth      0%         N/A       100%        4
 Irradiate                Conj/Tmut      0%         3d11      100%        5
 Lehudib's Crystal Spear  Conj/Erth      0%         10d2      100%        8


Dungeon Overview and Level Annotations

Branches:
Dungeon (9/15)             Temple (1/1) D:6         Ossuary (visited)
   Lair: D:8-11         Orc: D:9-12

Altars:
Ashenzari
Cheibriados
Dithmenos
Fedhas
Gozag
Kikubaaqudgha
Makhleb
Nemelex Xobeh
Okawaru
Qazlal
Sif Muna
Trog
Uskayaw
Vehumet
Wu Jian
Xom
Yredelemnul
Zin
The Shining One

Shops:
D:5 *


Innate Abilities, Weirdness & Mutations

You have razor-sharp teeth.
Your natural rate of healing is unusually fast.
When hurt, damage is shared between your health and your magic reserves.
Your bite disrupts and absorbs the magic of your enemies.
Potions cannot restore your health.


Message History

Something hits you but does no damage.
The electric eel shoots out a bolt of lightning at you!
The bolt of electricity hits the plant!
The plant begins to die.
The bolt of electricity hits something.
The bolt of electricity hits you!
You hit something but do no damage. Something hits you. Something shocks you.
The electric eel shoots out a bolt of lightning at you!
The bolt of electricity hits the plant!
The bolt of electricity hits you!
* * * LOW HITPOINT WARNING * * *
Something hits you but does no damage.
A sky beast appears from thin air!
Reactivating autopickup.
You miss the sky beast.
The sky beast is lightly wounded.
The sky beast hits you but does no damage.
You miss the sky beast. Your bite misses the sky beast.
The sky beast is lightly wounded.
You block the sky beast's attack.
The sky beast hits you but does no damage.
You slash the sky beast!
The sky beast is heavily wounded.
The sky beast hits you. The sky beast shocks you.
* * * LOW HITPOINT WARNING * * *
You closely miss the sky beast. Your bite misses the sky beast.
The sky beast is heavily wounded.
The sky beast hits you.
* * * LOW HITPOINT WARNING * * *
The sky beast shocks you.
* * * LOW HITPOINT WARNING * * *
Aiming: Corrosive Bolt
Press: ? - help, Shift-Dir - straight line, f - sky beast
Aim: a sky beast (heavily wounded, 64% to hit)
The bolt of acid misses the sky beast.
The sky beast flickers out of sight!
Deactivating autopickup; reactivate with Ctrl-A.
Something hits you but does no damage.
Okay, then.
Unknown command.
You barely miss something. Your bite misses something. Something hits you.
* * * LOW HITPOINT WARNING * * *
Something shocks you.
You die...

...)..♣~P~~P~.......#.......
####
.......~~♣♣P........##'#####
...#
........♣~~.........##....##
...#
........#########.........##
...#
................#.........##
...#
................#...##....#.
...#
..........~.....######....'.
..)##########...{....#
#.....#.
.)).........#...@....#
####'###
..>.........#........#
#......#
............#........#
#...(..#
............#........#
#......#
............#........#
#......†
...........))).......#
#......#
#############........#
#......# ########## ########


There were no monsters in sight!

Vanquished Creatures
  Prince Ribbit (D:5)
  6 yaks (D:8)
  2 steam dragons (D:8)
  A sky beast (D:7)
  A black bear (D:4)
  2 kobold brigands
  A bullfrog (D:7)
  3 scorpions
  4 jellies
  4 orc priests (D:8)
  An iguana (D:4)
  A sleepcap (D:4)
  5 orc wizards
  8 mummies (Ossuary)
  4 adders
  2 white imps
  5 dart slugs
  23 orcs
  3 ball pythons
  4 bats
  3 endoplasms
  3 giant cockroaches
  5 goblins
  3 hobgoblins (D:1)
  11 jackals
  16 kobolds
  4 quokkas
  A frilled lizard (D:2)
  3 hobgoblin zombies (Ossuary)
  2 kobold zombies (Ossuary)
  3 orc zombies (Ossuary)
  5 rats
140 creatures vanquished.

Notes
Turn   | Place    | Note
-------+----------+-------------------------------------------
     0 | D:1      | ipx the Vine Stalker Fighter began the quest for the Orb.
     0 | D:1      | Reached XP level 1. HP: 11/11 MP: 2/2
    40 | D:1      | Reached skill level 2 in Axes
   141 | D:1      | Reached XP level 2. HP: 16/16 MP: 1/3
   313 | D:2      | Reached skill level 3 in Axes
   322 | D:2      | Reached XP level 3. HP: 19/19 MP: 4/4
   412 | D:2      | Found a faded altar of an unknown god.
   594 | D:3      | Reached XP level 4. HP: 23/23 MP: 5/5
   689 | D:5      | Entered Level 5 of the Dungeon
   691 | D:5      | Noticed Prince Ribbit
   697 | D:5      | Found a sand-covered staircase.
   707 | D:5      | Killed Prince Ribbit
   708 | D:5      | Reached skill level 5 in Axes
   708 | D:5      | Reached XP level 5. HP: 9/27 MP: 4/6
   708 | D:5      | Reached XP level 6. HP: 11/32 MP: 4/7
   719 | Ossuary  | Entered an ossuary
   757 | Ossuary  | Reached skill level 6 in Axes
  1059 | D:5      | Reached XP level 7. HP: 18/35 MP: 5/8
  1067 | D:5      | Found Daappas's General Store.
  1180 | D:4      | Reached skill level 7 in Axes
  1217 | D:4      | Reached skill level 1 in Evocations
  1502 | D:6      | Found a staircase to the Ecumenical Temple.
  1557 | Temple   | Entered the Ecumenical Temple
  1610 | Temple   | Became a worshipper of Uskayaw the Reveller
  1728 | D:6      | Reached * piety under Uskayaw
  1733 | D:6      | Reached ** piety under Uskayaw
  1734 | D:6      | Gained mutation: You have razor-sharp teeth. [Vine Stalker
                  | growth]
  1734 | D:6      | Reached XP level 8. HP: 35/39 MP: 6/9
  1754 | D:6      | Reached skill level 1 in Invocations
  1767 | D:7      | Found an iron altar of Okawaru.
  1806 | D:7      | Reached skill level 8 in Axes
  1943 | D:8      | Noticed a yak
  1943 | D:8      | Noticed a yak
  1943 | D:8      | Noticed a yak
  1944 | D:8      | Noticed a yak
  1944 | D:8      | Noticed a yak
  1944 | D:8      | Noticed a yak
  1958 | D:8      | Reached *** piety under Uskayaw
  1962 | D:8      | Killed a yak
  1962 | D:8      | Reached **** piety under Uskayaw
  1964 | D:8      | Killed a yak
  1964 | D:8      | Killed a yak
  1965 | D:8      | Reached skill level 9 in Axes
  1966 | D:8      | HP: 1/39 [yak (10)]
  1966 | D:8      | Reached ***** piety under Uskayaw
  1967 | D:8      | Killed a yak
  1968 | D:8      | Reached XP level 9. HP: 2/43 MP: 0/12
  2251 | D:8      | Reached skill level 10 in Axes
  2317 | D:8      | Slain by a sky beast

Illustrated notes

Levels and vault maps discovered:
D:1:      tarquinn_simple_flora_water_e, layout_basic, minmay_box_of_dots
D:2:      layout_rooms, ebering_ecumenical_altar_abandoned, serial_shops,
          nicolae_shop_back_alley_shop
D:3:      layout_basic, minmay_surrounded, uniq_crazy_yiuf_cottage
D:4:      layout_basic
D:5:      layout_basic, serial_shops, nicolae_take_the_stairs,
          nicolae_ossuary_entry_monument, uniq_prince_ribbit1
D:6:      layout_basic, temple_doors_e, biasface_ghost_orc_armoury
D:7:      minmay_evil_eye, layout_rooms, overflow_temple_1_default,
          ebering_ghost_inner_flame, serial_shops, nicolae_inconvenience_store
D:8:      layout_gridville, serial_bayou_lake_a
D:9:      layout_basic, david_lair_shrubbed
Temple:   dpeg_five_rooms_temple

Skill      XL: |  1  2  3  4  5  6  7  8  9 |
---------------+----------------------------+-----
Axes           | 2 3 5 6 7 9 10 | 10.1
Evocations     | 2 3 |  3.0
Invocations    | 3 4 |  4.9
Fighting       | 3 |  3.3
Armour         | |  2.4
Shields        | |  2.6

Action                     |  1- 3 |  4- 6 |  7- 9 || total
---------------------------+-------+-------+-------++-------
  Melee: War axe           |    85 |    57 |   165 ||   307
         Bite              |    17 |    14 |    55 ||    86
         Short sword       |       |    10 |    32 ||    42
  Throw: Dart              |       |       |     4 ||     4
 Invoke: Stomp             |       |       |     7 ||     7
  Evoke: Wand              |       |       |     2 ||     2
    Use: Scroll            |       |     7 |       ||     7
         Potion            |       |       |     1 ||     1
   Stab: Paralysed         |       |       |     5 ||     5
 Armour: Scale mail        |    56 |    61 |   157 ||   274
  Dodge: Dodged            |    49 |    16 |    79 ||   144
  Block: Buckler           |    16 |    14 |    50 ||    80

Table legend: (Time is in decaauts)
 A = Elapsed time spent in this place.
 B = Non-inter-level travel time spent in this place.
 C = Inter-level travel time spent in this place.
 D = Time resting spent in this place.
 E = Time spent auto-exploring this place.
 F = Levels seen in this place.
 G = Mean time per level.
                   A        B        C        D        E       F      G
               +--------+--------+--------+--------+--------+-----+--------+
         Total |   2390 |   2235 |    155 |      0 |      0 |  11 |  217.3 |
       Dungeon |   2096 |   2043 |     53 |      0 |      0 |   9 |  232.9 |
        Temple |    104 |      2 |    102 |      0 |      0 |   1 |  104.0 |
       Ossuary |    189 |    189 |      0 |      0 |      0 |   1 |  189.0 |
               +--------+--------+--------+--------+--------+-----+--------+

Top non-repeatable levels by time:
     D:8: 422 daAuts
     D:4: 390 daAuts
     D:1: 318 daAuts
     D:6: 252 daAuts
     D:5: 216 daAuts
     D:3: 194 daAuts
 Ossuary: 189 daAuts
     D:2: 158 daAuts
     D:7: 125 daAuts
  Temple: 104 daAuts
     D:9: 16 daAuts
